AoeStats
← QNa_NguaHoang

Nomad

507263472Analyzed
4v4 RM · 14d ago on Sep 17, 2026· 47m 35s· 8 players
Game mode
Random Map
Map size
231×231
Population
200
Speed
Normal
Resources
Standard
Victory
Conquest
Starting age
Dark Age
Ending age
Imperial Age
RankedLock teamsTeams togetherTeam positionsShared explorationLock speedFull tech treeHidden civsTurbo modeCheats
Victory
Defeat
🇦🇺 Persians · Australia
1253
+16
🇻🇳 Huns · Vietnam
1247
+16
🇹🇼 Slavs · Taiwan
1235
+17
🇻🇳 Lithuanians · Vietnam
1229
+17
🇩🇪 Vietnamese · Germany
1299
-19
🇸🇪 Malians · Sweden
1285
-18
🇨🇳 Bohemians · China
1210
-15
🇨🇳 Gurjaras · China
1201
-14
Súc Vật Du Phong
6:53 Loom
14:05 Feudal Age
18:21 Castle Age
16:08 Double-Bit Axe
17:55 Scale Barding Armor
18:01 Forging
20:06 Bow Saw
20:05 Horse Collar
21:47 Wheelbarrow
23:42 Heavy Plow
28:29 Hand Cart
32:46 Imperial Age
30:52 Marauders
31:52 Gold Mining
32:41 Iron Casting
33:06 Husbandry
33:16 Bloodlines
34:12 Chain Barding Armor
35:39 Two-Man Saw
37:42 Plate Barding Armor
39:40 Blast Furnace
39:32 Elite Tarkan
42:51 Conscription
45:32 Scale Mail Armor
45:59 Light Cavalry
屁屁寶寶
16:45 Feudal Age
17:24 Horse Collar
17:38 Loom
18:31 Wheelbarrow
17:55 Man-at-Arms
18:39 Town Watch
19:35 Double-Bit Axe
22:12 Scale Mail Armor
22:03 Fletching
22:29 Forging
26:05 Castle Age
24:34 Gold Mining
25:38 Padded Archer Armor
27:13 Bow Saw
26:25 Long Swordsman
26:27 Elite Skirmisher
27:48 Heavy Plow
29:39 Leather Archer Armor
29:42 Squires
30:45 Stone Mining
39:55 Scale Barding Armor
41:26 Chain Barding Armor
41:42 Iron Casting
41:56 Bodkin Arrow
43:34 Chain Mail Armor
48:12 Imperial Age
45:59 Hand Cart
45:20 Crossbowman
46:53 Sanctity
48:09 Gold Shaft Mining
QNa_NguaHoang
4:33 Loom
13:04 Feudal Age
16:39 Double-Bit Axe
17:04 Gold Mining
21:34 Castle Age
20:06 Horse Collar
22:52 Medium Warships
23:34 Wheelbarrow
24:02 Bow Saw
28:32 Stone Mining
30:35 Scale Barding Armor
38:34 Imperial Age
36:22 Hand Cart
37:16 Heavy Plow
38:33 Forging
38:44 Chain Barding Armor
38:54 Elite Leitis
40:26 Iron Casting
41:26 Crop Rotation
41:57 Two-Man Saw
42:28 Conscription
42:58 Plate Barding Armor
43:15 Stone Shaft Mining
47:33 Bloodlines
47:24 Husbandry
A Bá
4:46 Loom
14:39 Feudal Age
15:00 Double-Bit Axe
16:45 Wheelbarrow
20:12 Castle Age
18:07 Gold Mining
18:42 Horse Collar
21:59 Stone Mining
23:23 Horse Collar
24:00 Husbandry
26:50 Fletching
31:16 Fervor
32:15 Bloodlines
32:09 Herbal Medicine
33:55 Scale Barding Armor
35:40 Forging
36:26 Hand Cart
38:22 Chain Barding Armor
47:33 Imperial Age
老k
4:57 Loom
16:24 Feudal Age
20:40 Castle Age
20:39 Double-Bit Axe
26:58 Fletching
27:49 Bodkin Arrow
29:27 Padded Archer Armor
31:17 Scale Mail Armor
32:37 Forging
33:04 Horse Collar
33:36 Bow Saw
34:01 Heavy Plow
33:48 Town Watch
34:54 Chain Mail Armor
35:56 Iron Casting
36:53 Ballistics
37:22 Leather Archer Armor
37:14 Murder Holes
39:11 Scale Barding Armor
39:54 Husbandry
40:04 Bloodlines
True
11:03 Loom
14:12 Feudal Age
14:42 Double-Bit Axe
18:59 Castle Age
16:46 Fishing Lines
17:16 Gold Mining
20:05 Medium Warships
20:12 Bow Saw
21:29 Gillnets
22:45 Fletching
25:57 Gold Shaft Mining
28:11 Wheelbarrow
30:41 Imperial Age
27:54 Man-at-Arms
28:34 Squires
29:03 Scale Mail Armor
29:13 Forging
28:47 Long Swordsman
29:23 Town Watch
30:08 Chain Mail Armor
31:09 Two-Handed Swordsman
33:30 Iron Casting
34:46 Plate Mail Armor
34:10 Arson
34:01 Champion
34:15 Pikeman
阿酷丶
6:41 Loom
14:54 Feudal Age
16:59 Fletching
18:13 Fishing Lines
22:16 Castle Age
22:02 Wheelbarrow
21:16 Double-Bit Axe
23:06 Wheelbarrow
24:26 Bow Saw
26:09 Wagenburg Tactics
44:36 Hand Cart
Tsunade
4:50 Loom
15:29 Feudal Age
16:48 Town Watch
19:22 Castle Age
17:09 Double-Bit Axe
17:07 Horse Collar
17:19 Stone Mining
20:40 Bow Saw
20:31 Heavy Plow
22:51 Fishing Lines
23:35 Fletching
27:09 Wheelbarrow
30:55 Hand Cart
35:06 Imperial Age
32:33 Gold Mining
35:14 Bodkin Arrow
35:41 Ballistics
36:07 Bracer
37:08 Two-Man Saw
36:39 Crop Rotation
36:44 Elite Rattan Archer
39:18 Padded Archer Armor
40:20 Chemistry
40:01 Hoardings
41:06 Leather Archer Armor
42:51 Stone Shaft Mining
43:17 Thumb Ring
43:44 Coinage
44:34 Ring Archer Armor
44:37 Banking
44:18 Guilds
44:31 Paper Money
46:16 Murder Holes
46:27 Siege Engineers
46:03 Treadmill Crane
Connection lost

Rejoining the realm…

Still unreachable

The connection could not be restored.

Session expired

The server has moved on; the page needs a fresh start.